 Dungeon Crawl Stone Soup version 0.21.1-1-g345015fe64 (webtiles) character file.

406 Lusmu the Firebug (level 6, 0/48 HPs)
             Began as a Draconian Fire Elementalist on Apr 8, 2018.
             Shot with an arrow by a centaur (10 damage)
             ... on level 4 of the Dungeon.
             The game lasted 00:16:15 (3382 turns).

Lusmu the Firebug (Draconian Fire Elementalist)     Turns: 3382, Time: 00:16:16

Health: 0/48       AC:  6    Str: 10    XL:     6   Next: 56%
Magic:  10/10      EV: 16    Int: 17    God:
Gold:   235        SH:  0    Dex: 12    Spells: 6/10 levels left

rFire    . . .     SeeInvis .   p - +3 dagger (holy)
rCold    . . .     Gourm    .   (no shield)
rNeg     . . .     Faith    .   (armour unavailable)
rPois    .         Spirit   .   (helmet restricted)
rElec    .         Reflect  .   (no cloak)
rCorr    .         Harm     .   (no gloves)
MR       .....                  (no boots)
Stlth    +.........             w - amulet of rage
HPRegen  0.16/turn              i - +4 ring of evasion
MPRegen  0.12/turn              A - ring of loudness (curse)

@: lethally poisoned (0 -> -3), very slightly contaminated
A: unfitting armour, cold-blooded, AC +6
a: Evoke Berserk Rage


You were on level 4 of the Dungeon.
You were not hungry.

You visited 1 branch of the dungeon, and saw 4 of its levels.

You collected 235 gold pieces.

Inventory:

Hand Weapons
 p - a +3 dagger of holy wrath (weapon)
 v - a +2 hunting sling of freezing
Missiles
 f - 32 stones
 m - 12 tomahawks (quivered)
 r - 39 sling bullets
 s - 48 bolts
 y - 17 poisoned needles
Jewellery
 i - a +4 ring of evasion (left hand)
 w - an amulet of rage (around neck)
 A - a cursed ring of loudness (right hand)
Wands
 h - a wand of enslavement (10)
 n - a wand of polymorph (11)
Scrolls
 q - a scroll of enchant weapon
 x - a scroll of identify
Potions
 c - a potion of degeneration {unknown}
 d - 2 potions of resistance
 g - 2 potions of curing
 k - a potion of mutation {unknown}
 l - a potion of heal wounds
 u - a potion of lignification {unknown}
Books
 a - a book of Flames

   Spells                             Type                      Level
   a - Flame Tongue                   Conjuration/Fire             1
   b - Throw Flame                    Conjuration/Fire             2
   c - Conjure Flame                  Conjuration/Fire             3
   d - Inner Flame                    Hexes/Fire                   3
   e - Sticky Flame                   Conjuration/Fire             4
   f - Fireball                       Conjuration/Fire             5
Comestibles
 b - 7 rations
 z - a chunk of flesh


   Skills:
 + Level 1.7 Fighting
 - Level 1.7 Dodging
 - Level 1.7 Stealth
 - Level 2.8 Spellcasting
 * Level 4.3 Conjurations
 * Level 5.2 Fire Magic


You had 6 spell levels left.
You knew the following spells:

 Your Spells              Type           Power        Failure   Level  Hunger
a - Flame Tongue          Conj/Fire      ###..        2%          1    #......
b - Conjure Flame         Conj/Fire      ###.....     8%          3    ###....


Dungeon Overview and Level Annotations

Branches:
Dungeon (4/15)
 Temple: D:4-7

Altars:


Innate Abilities, Weirdness & Mutations

Your plain brown scales are hard. (AC +6)
You cannot fit into any form of body armour.
You are cold-blooded and may be slowed by cold attacks.


Message History

Something barely misses you.
You hear some strange, mumbled words.
A puff of flame appears from out of thin air!
The puff of flame hits you! The worker ant misses you.
You hear the slow rusting of a distant drain.
The worker ant bites you.
You are poisoned.
The worker ant poisons you!
You feel sick.
You feel sick.
A centaur comes into view.
The centaur wields a runed shortbow.
It is covered in frost.
The centaur shoots an arrow.
The arrow barely misses you.
You see here an arrow.
You feel sick.
The centaur shoots an arrow.
The arrow hits you! The arrow freezes you.
* * * LOW HITPOINT WARNING * * *
You see here an arrow.
The centaur shoots an arrow.
The arrow hits you!
You die...

,,,,,,,*,,,,,,*#,* #...#.,,,*
,,,,,,,,,,,,,.##.#####.#..,,***
,..,,,,,,,,,,.c#.#.......#***
#....**,**####.#.........##
.....#*.# #....[..........#####
?....##.# #...............#...#
........# #....#..........#...#
.......####...a...............#
.........oZ.o.((@.........#.###
.....#..oo#####..^.......##.#
.%Z..##.#.#####.....<.......#
.).o.##.#....#.......§....###
...o...............§......#
...o.o............§.§.....##
#...##.....................#
#...........####...........###
......#.....###.........>[...#


You could see a centaur, a worker ant, 3 orcs and a leopard gecko skeleton.

Vanquished Creatures
  Grinder (D:3)
  An orc priest (D:3)
  Jessica (D:2)
  A worker ant (D:4)
  5 adders
  3 worms
  2 dart slugs (D:1)
  A leopard gecko (D:3)
  7 orcs (D:3)
  2 ball pythons (D:1)
  4 bats
  4 giant cockroaches
  5 hobgoblins
  4 kobolds
  3 quokkas
  5 frilled lizards
  8 goblins
  7 rats
64 creatures vanquished.

Notes
Turn   | Place    | Note
-------+----------+-------------------------------------------
     0 | D:1      | Lusmu the Draconian Fire Elementalist began the quest for the Orb.
     0 | D:1      | Reached XP level 1. HP: 14/14 MP: 3/3
   354 | D:1      | Reached XP level 2. HP: 20/20 MP: 5/5
   959 | D:2      | Reached XP level 3. HP: 26/26 MP: 1/6
  1013 | D:2      | Noticed Jessica
  1392 | D:2      | Killed Jessica
  1392 | D:2      | Reached XP level 4. HP: 33/33 MP: 4/7
  1807 | D:3      | Reached skill level 4 in Fire Magic
  2130 | D:3      | Reached XP level 5. HP: 24/38 MP: 7/9
  2450 | D:3      | Learned a level 3 spell: Conjure Flame
  2682 | D:3      | Noticed Grinder
  2689 | D:3      | Paralysed by Grinder for 2 turns
  2694 | D:3      | Paralysed by Grinder for 4 turns
  2963 | D:3      | Paralysed by Grinder for 7 turns
  2992 | D:3      | Paralysed by Grinder for 4 turns
  3003 | D:3      | Paralysed by Grinder for 6 turns
  3017 | D:3      | Killed Grinder
  3017 | D:3      | Reached skill level 1 in Fighting
  3017 | D:3      | Reached skill level 5 in Fire Magic
  3017 | D:3      | Reached XP level 6. HP: 47/47 MP: 10/10
  3382 | D:4      | Shot with an arrow by a centaur

Skill      XL: |  1  2  3  4  5 |
---------------+----------------+-----
Conjurations   | 2 3 4 |  4.3
Fire Magic     | 4 5 |  5.2
Fighting       | 1 |  1.7
Dodging        | |  1.7
Stealth        | |  1.7
Spellcasting   | |  2.8

Action                   |  1- 3 |  4- 6 || total
-------------------------+-------+-------++-------
Melee: Unarmed           |     7 |       ||     7
       Hand axe          |    49 |    24 ||    73
       Tailslap          |     5 |    14 ||    19
       Dagger            |       |   141 ||   141
 Cast: Flame Tongue      |    16 |    25 ||    41
       Conjure Flame     |       |     1 ||     1
Evoke: Wand              |       |     1 ||     1
  Use: Scroll            |       |    10 ||    10
       Potion            |       |     3 ||     3
 Stab: Sleeping          |     1 |       ||     1
  Eat: Chunk             |     2 |     6 ||     8
Armor: Skin              |    11 |    36 ||    47
Dodge: Dodged            |    48 |   120 ||   168
